 Dungeon Crawl Stone Soup version 0.28.0-1-gb440e238dd (webtiles) character file.

Game seed: 9010619496511132029

941 issech the Cudgeller (level 7, -2/61 (63) HPs)
             Began as a Troll Monk on Feb 26, 2022.
             Was a Believer of Hepliaklqana.
             Shot with an arrow by a centaur (8 damage)
             ... on level 6 of the Dungeon.
             The game lasted 00:10:34 (3960 turns).

issech the Cudgeller (Troll Monk)                   Turns: 3960, Time: 00:10:35

HP:   -2/61 (63)    AC:  5    Str: 20    XL:     7   Next: 88%
MP:   6/6           EV: 11    Int:  6    God:    Hepliaklqana [**....]
Gold: 239           SH:  0    Dex: 14    Spells: 6/6 levels left

rFire   . . .      SeeInvis .   x - +2 whip (elec)
rCold   . . .      Faith    .   (no shield)
rNeg    + . .      Spirit   .   b - +0 robe
rPois   .          Reflect  .   (helmet restricted)
rElec   .          Harm     .   l - +0 cloak
rCorr   .          Rampage  .   (gloves unavailable)
Will    .....                   (boots unavailable)
Stlth   ++........              (no amulet)
HPRegen 1.00/turn               r - ring of positive energy
MPRegen 0.10/turn               (no ring)

@: lightly drained
A: reduced essence, large, unfitting armour, claws 3, regeneration 1, shaggy fur
1, tough skin 1
a: Renounce Religion, Recall Ancestor, Ancestor Identity


You were on level 6 of the Dungeon.
You worshipped Hepliaklqana.
Hepliaklqana was pleased with you.
You visited 2 branches of the dungeon, and saw 7 of its levels.

You collected 239 gold pieces.

Inventory:

Hand Weapons
 a - a +0 mace
 n - a +0 long sword
 p - a +0 hunting sling
 v - a +0 hunting sling of flaming
 w - a +0 flail
 x - a +2 whip of electrocution (weapon)
 A - a +0 giant club
 C - a +0 giant spiked club
Missiles
 c - 51 bolts
 i - 105 stones (quivered)
 q - 7 poisoned darts
 u - 28 arrows
 y - 2 boomerangs
Armour
 b - a +0 robe (worn)
 k - an orb of wrath
 l - a +0 cloak (worn)
Jewellery
 r - a ring of positive energy (left claw)
Scrolls
 d - 2 scrolls of magic mapping {unknown}
 f - a scroll of fear {unknown}
 g - 3 scrolls of identify {unknown}
 m - 2 scrolls of teleportation {unknown}
 o - a scroll of enchant weapon {unknown}
 t - a scroll of amnesia {unknown}
 B - a scroll of enchant armour {unknown}
Potions
 e - 2 potions of haste {unknown}
 h - a potion of brilliance {unknown}
 j - a potion of curing {unknown}
 s - a potion of invisibility {unknown}
 z - a potion of heal wounds {unknown}


   Skills:
 + Level 4.1 Fighting
 + Level 5.9 Maces & Flails
 + Level 4.5 Dodging
 + Level 2.2 Stealth


You had 6 spell levels left.
You didn't know any spells.
Your spell library contained the following spells:

 Spells                   Type           Power      Damage    Failure   Level
 Tukima's Dance           Hex            0%         N/A       83%         3
 Passage of Golubria      Tloc           0%         N/A       99%         4
 Yara's Violent Unravell  Hex/Tmut       0%         3d3       100%        5


Dungeon Overview and Level Annotations

Branches:
Dungeon (6/15)             Temple (1/1) D:4

Altars:
Ashenzari
Cheibriados
Dithmenos
Elyvilon
Fedhas
Gozag
Hepliaklqana
Kikubaaqudgha
Makhleb
Nemelex Xobeh
Okawaru
Qazlal
Ru
Sif Muna
Trog
Uskayaw
Vehumet
Wu Jian
Xom
Yredelemnul
Zin
The Shining One
Beogh

Shops:
D:4 :


Innate Abilities, Weirdness & Mutations

Your life essence is reduced to manifest your ancestor. (-10% HP)
You are too large for most types of armour.
You have claws for hands.
Your natural rate of healing is unusually fast.
You are covered in fur. (AC +1)
You have tough skin. (AC +1)


Message History

The wight hits you with a +0 halberd!
The wight hits you from afar with a +4 spear of freezing.
You partially resist.
You feel drained. The wight freezes you.
Things that are here:
a +3 hand axe of flaming; a +3 leather armour You whack the wight!
Lightning courses through the wight!
You destroy the wight!
The wight barely misses you. The wight barely misses you.
Things that are here:
a +0 halberd; a +0 robe You barely miss the wight.
The wight is moderately damaged.
The wight hits you with a +4 spear of freezing!
The wight freezes you.
You closely miss the wight.
The wight is moderately damaged.
You closely miss the wight.
The wight is moderately damaged.
The wight hits you with a +4 spear of freezing!
The wight freezes you.
* * * LOW HITPOINT WARNING * * *
You closely miss the wight.
The wight is moderately damaged.
The wight hits you with a +4 spear of freezing.
* * * LOW HITPOINT WARNING * * *
You partially resist.
You feel drained.
* * * LOW HITPOINT WARNING * * *
The wight freezes you.
* * * LOW HITPOINT WARNING * * *
The wight closely misses you.
Things that are here:
a +3 hand axe of flaming; a +3 leather armour The centaur shouts!
The centaur wields a +0 shortbow.
The centaur shoots an arrow.
The arrow hits you!
* * * LOW HITPOINT WARNING * * *
A centaur skeleton comes into view.
The centaur shoots an arrow.
The arrow hits you!
You die...

. #.#.#.# #...#)# #
#<..#)##.# #
#........#
####.#..##.####.#.#
...........z.......
####.##.###.#####Z#
##+##.#.....c...#
#.....#.##@######
#.....#.#.......#
#.....#.#..####.#
#....##.#.....#.#
##.#.........<..#
#.####.#.#######
#.# ##.#........
#.# #.......####
#.# #.......#


You could see a centaur, a wight and a centaur skeleton.

Vanquished Creatures
  A necrophage (D:4)
  3 ogres
  A scorpion (D:5)
  2 water moccasin skeletons (D:5)
  A wight (D:6)
  A bullfrog zombie (D:5)
  2 hounds (D:4)
  An iguana (D:5)
  2 hound skeletons (D:4)
  5 adders
  A white imp (D:5)
  3 worms
  3 dart slugs (D:1)
  4 orcs
  7 ball pythons
  5 endoplasms
  3 giant cockroaches
  3 goblins
  4 hobgoblins
  2 quokkas
  6 bats
  3 frilled lizards
  3 kobolds
  3 rats
69 creatures vanquished.

Vanquished Creatures (collateral kills)
  A wight (D:6)
  A hound (D:5)
  An iguana (D:6)
  3 gnolls (D:4)
  An adder (D:5)
  A worm (D:3)
  An orc (D:6)
  2 endoplasms
  A hobgoblin (D:3)
12 creatures vanquished.

Vanquished Creatures (others)
  A battlemage (D:6)
1 creature vanquished.

Grand Total: 82 creatures vanquished

Notes
Turn   | Place    | Note
-------+----------+-------------------------------------------
     0 | D:1      | issech the Troll Monk began the quest for the Orb.
     0 | D:1      | Reached XP level 1. HP: 22/22 MP: 0/0
   496 | D:1      | Reached skill level 3 in Maces & Flails
   496 | D:1      | Reached XP level 2. HP: 28/29 MP: 1/1
   635 | D:1      | Found a faded altar of an unknown god.
   947 | D:2      | Reached XP level 3. HP: 35/36 MP: 2/2
  1679 | D:3      | Reached XP level 4. HP: 44/44 MP: 3/3
  1775 | D:3      | You fall into a shaft and drop 1 floor!
  2059 | D:4      | Noticed a necrophage
  2087 | D:4      | Reached skill level 4 in Maces & Flails
  2103 | D:4      | Killed a necrophage
  2104 | D:4      | Reached XP level 5. HP: 33/53 MP: 4/4
  2203 | D:4      | Found a staircase to the Ecumenical Temple.
  2209 | Temple   | Entered the Ecumenical Temple
  2278 | Temple   | Became a worshipper of Hepliaklqana the Forgotten
  2278 | Temple   | Reached * piety under Hepliaklqana
  2278 | Temple   | Reached ** piety under Hepliaklqana
  2279 | Temple   | Remembered your ancestor Arif as a battlemage
  2741 | D:4      | Reached XP level 6. HP: 22/54 MP: 5/5
  3165 | D:4      | Found Iffaukha's Self-Improvement Boutique.
  3454 | D:5      | Entered Level 5 of the Dungeon
  3462 | D:5      | Reached skill level 5 in Maces & Flails
  3554 | D:5      | Reached XP level 7. HP: 58/61 MP: 6/6
  3595 | D:5      | Found an ornate altar of the Wu Jian Council.
  3960 | D:6      | Shot with an arrow by a centaur

Illustrated notes

Levels and vault maps discovered:
D:1:      dpeg_arrival_orchard, layout_basic,
          hellmonk_ecumenical_altar_defaced_shrine
D:2:      layout_basic
D:3:      layout_loops_cross, minmay_vboxes
D:4:      layout_loops_ring, temple_statues, nicolae_shop_self_help
D:5:      layout_rooms, mainiacjoe_overflow_concentric_impassable
D:6:      lemuel_castle_with_subvaults [lemuel_castle_interior_original],
          layout_basic, serial_shops, nicolae_shop_trees,
          chequers_serial_rivers_micro_c, minmay_misc_feat_encased
Temple:   mainiacjoe_temple_starburst

Skill      XL: |  1  2  3  4  5  6  7 |
---------------+----------------------+-----
Maces & Flails | 3 4 5 |  5.9
Dodging        | 3 4 |  4.5
Fighting       | 3 4 |  4.1
Stealth        | 2 |  2.2

Action                   |  1- 3 |  4- 6 |  7- 9 || total
-------------------------+-------+-------+-------++-------
Melee: Mace              |   109 |    81 |       ||   190
       Punch             |     2 |     1 |       ||     3
       Whip              |       |    43 |    27 ||    70
Invok: Ancestor Life: Ba |       |     1 |       ||     1
 Stab: Sleeping          |     1 |     2 |     1 ||     4
       Distracted        |       |       |     1 ||     1
Armor: Robe              |    50 |    37 |     1 ||    88
Dodge: Dodged            |    61 |    60 |    15 ||   136
